 Dungeon Sprint DCSS version 0.31-a0-700-gf13585253f (webtiles) character file.

Game seed: 7563210407272826196

800000 fingers the Wrestler (level 13, -17/105 HPs)
             Began as a Tengu Berserker on Sept 7, 2023.
             Was a Priest of Trog.
             Demolished by a meat berserker
             ... wielding a +9 battleaxe
              (34 damage)
             ... in the Dungeon (Sprint VIII: "Arena of Blood").
             The game lasted 00:00:21 (8 turns).

fingers the Wrestler (Tengu Berserker)                 Turns: 8, Time: 00:00:22

Health: -17/105    AC:  3    Str: 19    XL:     13   Next: 75%
Magic:  14/14      EV: 25    Int:  7    God:    Trog [***...]
Gold:   0          SH:  0    Dex: 18    Spells: 12/12 levels left

rFire   . . .        h - +∞ Axe of Woe
rCold   . . .        (shield currently unavailable)
rNeg    . . .        a - +0 animal skin
rPois   .            (helmet restricted)
rElec   .            (no cloak)
rCorr   .            (no gloves)
SInv    .            (boots unavailable)
Will    .....        (no amulet)
Stlth   ++           (no ring)
HPRegen 0.37/turn    (no ring)
MPRegen 0.14/turn

%: no teleportation, acrobat
@: flying
A: beak, talons 3, evasive flight, acrobatic
a: Renounce Religion, Berserk, Trog's Hand


You were in the Dungeon.
You worshipped Trog.
Trog was most pleased with you.
You visited 1 branch

Inventory:

Hand Weapons
 h - the +∞ Axe of Woe (weapon)
   (You found it in the Dungeon)
Armour
 a - a +0 animal skin (worn)
Scrolls
 g - a scroll of blinking
Potions
 b - a potion of curing
 c - a potion of heal wounds
 d - a potion of haste
 e - 2 potions of magic
 f - a potion of berserk rage


   Skills:
 + Level 22.2 Fighting
 + Level 8.3 Axes
 + Level 13.4 Armour
 + Level 13.8 Dodging
 + Level 23.9 Unarmed Combat


You had 12 spell levels left.
You didn't know any spells.
Your spell library was empty.

Dungeon Overview and Level Annotations

Branches:
Dungeon (1/1)

Altars:
Makhleb


Innate Abilities, Weirdness & Mutations

You have a beak for a mouth.
You have claws for feet.
Your magical flight helps you evade attacks. (EV +4)
You can magically evade attacks while moving or waiting.


Message History

The meat berserker appears out of thin air!
A meat berserker comes into view. It is wielding a +9 battleaxe.
The meat berserker appears out of thin air!
A meat berserker comes into view. It is wielding a +9 battleaxe.
The meat berserker shouts!
A meat berserker comes into view. It is wielding a +9 battleaxe.
You slice the bag of meat!!
You fatally mangle the bag of meat.
You kill the bag of meat!
Trog accepts your kill.
You can now call upon Trog for regeneration and willpower.
Your Fighting skill gained 2 levels and is now at level 20!
Your Axes skill increases to level 5!
Your Armour skill increases to level 12!
Your Dodging skill increases to level 12!
Your Unarmed Combat skill increases to level 21!
You slice the meat berserker!!
You butcher the meat berserker messily.
You kill the meat berserker!
Trog accepts your kill.
The meat berserker hits you with a +9 battleaxe!!!!
Ouch! That really hurt!
* * * LOW HITPOINT WARNING * * *
Your Fighting skill gained 2 levels and is now at level 22!
Your Axes skill gained 3 levels and is now at level 8!
Your Armour skill increases to level 13!
Your Dodging skill increases to level 13!
Your Unarmed Combat skill gained 2 levels and is now at level 23!
You have reached level 13!
You slice the bag of meat!!
You cleave the bag of meat in twain.
You kill the bag of meat!
Trog accepts your kill.
You slash the meat berserker!
You pulverise the meat berserker into a thin bloody mist.
You kill the meat berserker!
Trog accepts your kill.
You hit the bag of meat.
You pulverise the bag of meat into a thin bloody mist.
You kill the bag of meat!
Trog accepts your kill.
The meat berserker hits you with a +9 battleaxe!!
You die...

.. .. .. ... #.
..# #.. ..# .
.###.. ..###..
......###......
......._)......
#.)@..# #_)O)_#
#..o..#
......_.....
......###......
.###.. ..###..
#.. ..# . #..
..# .. ...


You could see a meat berserker (berserk) and a bag of meat.

Vanquished Creatures
  3 ogres (D)
  3 orcs (D)
6 creatures vanquished.

Notes
Turn   | Place    | Note
-------+----------+-------------------------------------------
     0 | D        | Found the +∞ Axe of Woe
     0 | D        | fingers the Tengu Berserker began the quest for the Orb.
     0 | D        | Reached XP level 1. HP: 14/14 MP: 2/2
     0 | D        | Noticed a meat berserker
     2 | D        | Noticed a bag of meat
     3 | D        | Noticed a bag of meat
     3 | D        | Noticed a bag of meat
     4 | D        | Killed a meat berserker
     4 | D        | Noticed a bag of meat
     4 | D        | Noticed a bag of meat
     5 | D        | Reached skill level 20 in Unarmed Combat
     5 | D        | Reached XP level 2. HP: 39/39 MP: 3/3
     5 | D        | Reached XP level 3. HP: 44/44 MP: 4/4
     5 | D        | Reached XP level 4. HP: 50/50 MP: 5/5
     5 | D        | Reached XP level 5. HP: 55/55 MP: 6/6
     5 | D        | Reached XP level 6. HP: 60/60 MP: 7/7
     5 | D        | Gained mutation: Your magical flight helps you evade
                  | attacks. (EV +4) [Tengu growth]
     5 | D        | Reached XP level 7. HP: 66/66 MP: 8/8
     5 | D        | Reached XP level 8. HP: 72/72 MP: 9/9
     5 | D        | Reached XP level 9. HP: 76/76 MP: 10/10
     5 | D        | Reached XP level 10. HP: 83/83 MP: 11/11
     5 | D        | Reached XP level 11. HP: 88/88 MP: 12/12
     5 | D        | Reached XP level 12. HP: 93/93 MP: 13/13
     5 | D        | Noticed a meat berserker
     5 | D        | Noticed a meat berserker
     6 | D        | Noticed a meat berserker
     6 | D        | Killed a bag of meat
     6 | D        | Reached ** piety under Trog
     7 | D        | Reached skill level 5 in Axes
     7 | D        | Reached skill level 21 in Unarmed Combat
     7 | D        | Killed a meat berserker
     8 | D        | Reached skill level 23 in Unarmed Combat
     8 | D        | Reached XP level 13. HP: 16/105 MP: 14/14
     8 | D        | Killed a bag of meat
     8 | D        | Killed a meat berserker
     8 | D        | Reached *** piety under Trog
     8 | D        | Killed a bag of meat
     8 | D        | Demolished by a meat berserker

Illustrated notes

Levels and vault maps discovered:
D:        meatsprint

Skill      XL: |  1  2  3  4  5  6  7  8  9 10 11 12 |
---------------+-------------------------------------+-----
Fighting       | 18 22 | 22.2
Axes           | 4 8 |  8.3
Armour         | 11 13 | 13.4
Dodging        | 11 13 | 13.8
Unarmed Combat | 20 23 | 23.9

Action                     |  1- 3 |  4- 6 |  7- 9 | 10-12 | 13-15 || total
---------------------------+-------+-------+-------+-------+-------++-------
  Melee: Executioner's axe |     1 |       |       |     2 |     1 ||     4
 Armour: Animal skin       |       |       |       |     1 |     1 ||     2

Table legend: (Time is in decaauts)
 A = Elapsed time spent in this place.
 B = Non-inter-level travel time spent in this place.
 C = Inter-level travel time spent in this place.
 D = Time resting spent in this place.
 E = Time spent auto-exploring this place.
 F = Levels seen in this place.
 G = Mean time per level.
                   A        B        C        D        E       F      G
               +--------+--------+--------+--------+--------+-----+--------+
         Total |      9 |      9 |      0 |      0 |      0 |   1 |    9.0 |
       Dungeon |      9 |      9 |      0 |      0 |      0 |   1 |    9.0 |
               +--------+--------+--------+--------+--------+-----+--------+

Top non-repeatable levels by time:
       D: 9 daAuts
